 Dungeon Crawl Stone Soup version 0.18.1-48-g4cf74bf (webtiles) character file.

63 NullDivider the Grave Robber (level 3, -1/24 HPs)
             Began as a Vampire Necromancer on Aug 28, 2016.
             Slain by an ooze (3 damage)
             ... on level 2 of the Dungeon.
             The game lasted 00:32:49 (2610 turns).

NullDivider the Grave Robber (Vampire Necromancer)  Turns: 2610, Time: 00:32:49

Health: -1/24      AC:  3    Str:  7    XL:     3   Next: 87%
Magic:  1/6        EV: 13    Int: 17    God:
Gold:   43         SH:  0    Dex: 15    Spells: 3 memorised, 1 level left

rFire  x . .     SeeInvis +       - Unarmed
rCold  + + .     Gourm    .     i - +0 robe
rNeg   + + .     Faith    .     (no shield)
rPois  +         Spirit   .     (no helmet)
rElec  .         Dismiss  .     f - +0 cloak
rCorr  .         Reflect  .     (no gloves)
SustAt .         Harm     .     (no boots)
MR     .....                    (no amulet)
Stlth  +++.......               (no ring)
                                k - ring of ice (curse)

@: very slightly contaminated, regenerating slowly, not resistant to hostile
enchantments, fairly stealthy
A: fangs 3, see invisible, unbreathing
a: Bat Form


You were on level 2 of the Dungeon.
You were very thirsty.

You visited 1 branch of the dungeon, and saw 2 of its levels.

You collected 43 gold pieces.

Inventory:

Armour
 a - a +0 robe
 c - a +0 robe
 d - a +0 robe
 f - a +0 cloak (worn)
 h - a +0 cloak
 i - a +0 robe (worn)
Jewellery
 k - a cursed ring of ice (left hand)
Potions
 e - 2 potions of heal wounds {unknown}
 g - a potion of agility {unknown}
 j - a potion of resistance {unknown}
Books
 b - a book of Necromancy

   Spells                             Type                      Level
   a - Pain                           Necromancy                   1
   b - Animate Skeleton               Necromancy                   1
   c - Vampiric Draining              Necromancy                   3
   d - Regeneration                   Charms/Necromancy            3
   e - Animate Dead                   Necromancy                   4
   f - Control Undead                 Necromancy                   4


   Skills:
 * Level 3.2 Dodging
 + Level 3.6 Stealth
 * Level 1.0 Unarmed Combat
 - Level 2.0 Spellcasting
 * Level 5.1 Necromancy


You had one spell level left.
You knew the following spells:

 Your Spells              Type           Power        Failure   Level  Hunger
a - Pain                  Necr           ###.         2%          1    #......
b - Animate Skeleton      Necr           N/A          2%          1    #......
c - Vampiric Draining     Necr           ###.......   10%         3    ###....


Dungeon Overview and Level Annotations

Branches:
Dungeon (2/15)

Altars:
The Shining One


Innate Abilities, Weirdness & Mutations

You heal slowly.
You have razor-sharp teeth.
You have supernaturally acute eyesight.
You can survive without breathing.


Message History

Put on which piece of jewellery? (? for menu, Esc to quit)
Okay, then.
You spend a moment contemplating the meaning of unlife.
Casting: Vampiric Draining
Confirm with . or Enter, or press ? or * to list all spells.
You don't have enough magic to cast that spell.
Casting: Vampiric Draining
Confirm with . or Enter, or press ? or * to list all spells.
Aiming: Pain
Press: ? - help, Shift-Dir - straight line, f/p - adder
Aim: an adder (severely wounded, chance to defeat MR: 84%)
The adder convulses in agony!
You kill the adder!
Your Unarmed Combat skill increases to level 1!
The ooze hits you.
* * * LOW HITPOINT WARNING * * *
You barely miss the rat. The ooze misses you. The rat bites you.
* * * LOW HITPOINT WARNING * * *
You closely miss the rat. The ooze hits you.
You die...

.......
....w..
.......
.......
.......
.......
r......##
.......<###
........r@#
........#J#
..........#
.....(##..#
.....# #...
.#### .....
#.....
.......


You could see an ooze and a rat.

Vanquished Creatures
  A gnoll (D:1)
  An adder (D:2)
  An ooze (D:1)
  4 dart slugs (D:1)
  A ball python (D:1)
  4 bats (D:1)
  2 giant cockroaches (D:1)
  5 goblins (D:1)
  2 hobgoblins (D:1)
  5 kobolds (D:1)
  2 giant newts (D:1)
  3 rats (D:1)
31 creatures vanquished.

Vanquished Creatures (collateral kills)
  A kobold (D:1)
1 creature vanquished.

Vanquished Creatures (others)
  A bush (D:1)
1 creature vanquished.

Grand Total: 33 creatures vanquished

Notes
Turn   | Place    | Note
--------------------------------------------------------------
     0 | D:1      | NullDivider the Vampire Necromancer began the quest for the Orb.
     0 | D:1      | Reached XP level 1. HP: 13/13 MP: 3/3
    22 | D:1      | Reached XP level 2. HP: 11/19 MP: 0/5
   184 | D:1      | Learned a level 1 spell: Animate Skeleton
   575 | D:1      | Reached XP level 3. HP: 17/24 MP: 2/6
   762 | D:1      | Learned a level 3 spell: Vampiric Draining
  1542 | D:1      | Found a glowing golden altar of the Shining One.
  1727 | D:1      | Reached skill level 5 in Necromancy
  2608 | D:2      | Reached skill level 1 in Unarmed Combat
  2610 | D:2      | Slain by an ooze

Skill      XL: |  1  2  3 |
---------------+----------+-----
Dodging        | 3 |  3.2
Necromancy     | 5 |  5.1
Unarmed Combat | 1 |  1.0
Stealth        | |  3.6
Spellcasting   | |  2.0

Action                   || total
-------------------------++-------
Melee: Unarmed           ||    97
       Bite              ||     6
 Cast: Pain              ||    32
       Animate Skeleton  ||     8
       Vampiric Draining ||     4
  Use: Scroll            ||     4
 Stab: Distracted        ||     1
       Sleeping          ||     2
  Eat: Corpse            ||     4
Armor: Robe              ||    31
Dodge: Dodged            ||   102
